[Event "fics rated crazyhouse match"]
[Site "fics, Oklahoma City, OK USA"]
[Date "2001.01.17"]
[White "LINDEGREN"]
[WhiteElo "2327"]
[Black "venomous"]
[BlackElo "2422"]
[TimeControl "60+0"]
[Result "0-1"]

1. e4 Nf6 2. Nc3 d5 3. e5 Ne4 4. d4 Nc6 5. Nge2 Bg4 6. h3 
Bh5 7. Be3 e6 8. Qd3 Bb4 9. Nf4 Bxc3+ 10. bxc3 Bg6 11. Nxg6 hxg6 
12. Be2 a6 13. O-O N@b2 14. Qd1 Nxd1 15. Raxd1 N@f5 16. B@f4 Nxe3 17. Bxe3 
B@f5 18. Rde1 Bxh3 19. B@g3 Bxg2 20. Kxg2 Q@h3+ 21. Kf3 P@g4# 
{LINDEGREN resigns} 0-1

[Event "fics rated crazyhouse match"]
[Site "fics, Oklahoma City, OK USA"]
[Date "2001.01.17"]
[White "venomous"]
[WhiteElo "2428"]
[Black "LINDEGREN"]
[BlackElo "2321"]
[TimeControl "60+0"]
[Result "1-0"]

1. e4 Nf6 2. Nc3 Nc6 3. Nf3 e6 4. d4 Bb4 5. Bd3 d5 6. e5 
Ne4 7. Bd2 Bxc3 8. bxc3 Qe7 9. O-O f6 10. exf6 gxf6 11. Re1 Nxd2 
12. Qxd2 P@e4 13. Bxe4 dxe4 14. Rxe4 B@f5 15. N@d5 Bxe4 16. Nxe7 Nxe7 17. P@f7+ 
Kxf7 18. B@h5+ B@g6 19. P@g7 Rg8 20. Bxg6+ Nxg6 21. B@h6 Bd7 22. P@h5 Ne7 
23. Qf4 N@e2+ 24. Kh1 Nxf4 25. Q@g3 Bxf3 26. Qxf3 P@h3 27. Bxf4 hxg2+ 28. Qxg2 
N@h4 29. N@h6+ Ke8 30. P@f7+ Kd8 31. fxg8=Q+ Nxg8 32. R@f8+ B@e8 33. Nf7+ Ke7 
34. B@d6# 
{LINDEGREN resigns} 1-0

[Event "fics rated crazyhouse match"]
[Site "fics, Oklahoma City, OK USA"]
[Date "2001.01.17"]
[White "LINDEGREN"]
[WhiteElo "2315"]
[Black "venomous"]
[BlackElo "2434"]
[TimeControl "60+0"]
[Result "0-1"]

1. e4 Nf6 2. Nc3 d5 3. e5 Ne4 4. Nxe4 dxe4 5. d4 exd3 6. Bxd3 
e6 7. Nf3 Nc6 8. O-O P@g4 9. Ng5 Nxe5 10. Bb5+ Bd7 11. Bxd7+ Qxd7 
12. Qxd7+ Nxd7 13. Nxf7 N@e2+ 14. Kh1 P@f3 15. B@e4 B@h3 16. N@e3 Bxg2+ 17. Nxg2 
P@h3 18. Ne3 Q@g2# 
{LINDEGREN resigns} 0-1

[Event "fics rated crazyhouse match"]
[Site "fics, Oklahoma City, OK USA"]
[Date "2001.01.17"]
[White "venomous"]
[WhiteElo "2439"]
[Black "LINDEGREN"]
[BlackElo "2310"]
[TimeControl "60+0"]
[Result "1-0"]

1. e4 Nf6 2. Nc3 Nc6 3. Nf3 d5 4. exd5 Nxd5 5. Bc4 e6 6. d4 
Bb4 7. Bd2 Qe7 8. O-O Bxc3 9. bxc3 Bd7 10. Re1 Nb6 11. Bb5 f5 
12. c4 a6 13. Bxc6 Bxc6 14. d5 Nxd5 15. cxd5 Bxd5 16. Bg5 P@f6 17. Qxd5 
P@d7 18. Qxb7 O-O 19. N@d5 Qf7 20. Bxf6 B@c6 21. N@e7+ Kh8 22. Nxc6 dxc6 
23. P@h6 N@h5 24. Bxg7+ Nxg7 25. P@f6 Rg8 26. hxg7+ Rxg7 27. fxg7+ Qxg7 28. B@f6 
N@h5 29. Qxa8# 
{LINDEGREN resigns} 1-0

[Event "fics rated crazyhouse match"]
[Site "fics, Oklahoma City, OK USA"]
[Date "2001.01.17"]
[White "LINDEGREN"]
[WhiteElo "2305"]
[Black "venomous"]
[BlackElo "2444"]
[TimeControl "60+0"]
[Result "1-0"]

1. e4 Nf6 2. Nc3 d5 3. exd5 Nxd5 4. d4 Nc6 5. Nf3 e6 6. Bb5 
Bd7 7. O-O Nxc3 8. bxc3 Bd6 9. N@h5 Rg8 10. Qe2 P@g6 11. Nf4 Bxf4 
12. Bxf4 N@d5 13. B@d2 Nxf4 14. Bxf4 B@g4 15. Bd2 a6 16. Bd3 N@h4 17. N@e1 
Bxf3 18. Nxf3 Nxf3+ 19. Qxf3 N@h4 20. Qg3 N@f5 21. Bxf5 Nxf5 22. Qh3 Ncxd4 
23. cxd4 Nxd4 24. B@h4 B@e7 25. Bxe7 Qxe7 26. B@e5 Ne2+ 27. Kh1 Bc6 28. P@f3 
P@f6 29. Bxf6 gxf6 30. N@h6 O-O-O 31. Nxg8 Rxg8 32. R@a8+ B@b8 33. N@a7+ Kd7 
34. Nxc6 bxc6 35. B@b4 P@d6 36. Rfe1 Nd4 37. Be3 Nxc2 38. Rad1 Nxb4 39. N@c5+ 
Ke8 40. Rxb8+ B@d8 41. P@d7+ Kf8 42. Bh6+ P@g7 43. Nxe6+ fxe6 44. Rxe6 Qxd7 
45. Rxf6# 
{venomous forfeits on time} 1-0

[Event "fics rated crazyhouse match"]
[Site "fics, Oklahoma City, OK USA"]
[Date "2001.01.17"]
[White "venomous"]
[WhiteElo "2433"]
[Black "LINDEGREN"]
[BlackElo "2316"]
[TimeControl "60+0"]
[Result "1-0"]

1. e4 Nf6 2. Nc3 Nc6 3. Nf3 d5 4. exd5 Nxd5 5. Bc4 e6 6. d4 
Bb4 7. Bd2 P@a3 8. Bxd5 exd5 9. bxa3 Bxc3 10. Bxc3 Qe7+ 11. P@e5 N@e4 
12. B@d2 f6 13. N@f4 B@e6 14. exf6 gxf6 15. O-O Nxc3 16. Bxc3 P@h3 17. gxh3 
Bxh3 18. Nxh3 Bxh3 19. Re1 P@e4 20. N@f4 Rg8+ 21. P@g3 B@e6 22. B@h5+ Kd8 
23. Nxh3 Bxh3 24. P@f7 Rf8 25. P@g7 N@g5 26. gxf8=Q+ Qxf8 27. R@e8+ Kd7 28. Rxf8 
Nxf3+ 29. Qxf3 
{LINDEGREN resigns} 1-0

[Event "fics rated crazyhouse match"]
[Site "fics, Oklahoma City, OK USA"]
[Date "2001.01.17"]
[White "LINDEGREN"]
[WhiteElo "2311"]
[Black "venomous"]
[BlackElo "2438"]
[TimeControl "60+0"]
[Result "1-0"]

1. e4 Nf6 2. Nc3 d5 3. exd5 Nxd5 4. d4 Nc6 5. Nf3 e6 6. Bb5 
Bd7 7. O-O Nxc3 8. bxc3 Bd6 9. Bd2 P@f6 10. N@h5 Rg8 11. Qe2 Qe7 
12. Rae1 N@d5 13. Bd3 g6 14. Ng3 f5 15. P@e5 Ba3 16. Bg5 f6 17. exf6 
Nxf6 18. Bxf6 Qxf6 19. P@g5 Qf7 20. N@f6+ Kd8 21. Nxg8 Qxg8 22. Ne5 N@f4 
23. Qf3 Nxd3 24. cxd3 B@d5 25. N@f7+ Kc8 26. Ne4 fxe4 27. dxe4 N@h4 28. Qg4 
P@d2 29. Qxh4 dxe1=Q 30. Rxe1 B@d2 31. Rf1 Bxc3 32. Nxc6 B5xc6 33. R@d8+ Qxd8 
34. Nxd8 P@e2 35. N@g3 exf1=Q+ 36. Kxf1 N@d2+ 37. Ke2 Bb5+ 38. P@d3 Nxe4 39. Nxe4 
R@c2+ 40. Kf3 P@g4+ 41. Qxg4 Bxd3 42. Nxe6 Bxe4+ 43. Kg3 Bd6+ 44. P@e5 N@h1+ 
45. Kh3 Nxf2+ 46. Kh4 R@e8 47. N@f7 Bxe6 48. Nxd6# 
{venomous forfeits on time} 1-0

[Event "fics rated crazyhouse match"]
[Site "fics, Oklahoma City, OK USA"]
[Date "2001.01.17"]
[White "venomous"]
[WhiteElo "2427"]
[Black "LINDEGREN"]
[BlackElo "2322"]
[TimeControl "60+0"]
[Result "1-0"]

1. e4 Nf6 2. Nc3 Nc6 3. Nf3 e5 4. Bc4 Bc5 5. O-O O-O 6. d3 
d6 7. Bg5 Bg4 8. Nd5 Nxd5 9. Bxd8 Nf4 10. Bxf7+ Kh8 11. Bb3 N@h3+ 
12. Kh1 Raxd8 13. P@e3 Nxg2 14. Kxg2 B@e6 15. Bxe6 Bxe6 16. Nh4 B@g4 17. N@g6+ 
hxg6 18. Nxg6+ Kg8 19. P@h7+ Kf7 20. B@g8+ Rxg8 21. hxg8=Q+ Rxg8 22. f3 Kxg6 
23. fxg4 N@h4+ 24. Kxh3 B@g2+ 25. Kxh4 P@g5+ 26. Kg3 P@f4+ 27. Kxg2 N@h4+ 28. Kh1 
Kf7 29. B@h5+ g6 30. Q@h7+ Ke8 31. Bxg6+ Rxg6 32. R@a8+ B@d8 33. P@g2 Bf7 
34. B@h5 Ne7 35. Bxg6 Nexg6 36. Rxd8+ Kxd8 37. Qxf7 
{LINDEGREN forfeits on time} 1-0

[Event "fics rated crazyhouse match"]
[Site "fics, Oklahoma City, OK USA"]
[Date "2001.01.17"]
[White "LINDEGREN"]
[WhiteElo "2316"]
[Black "venomous"]
[BlackElo "2433"]
[TimeControl "60+0"]
[Result "0-1"]

1. e4 Nf6 2. Nc3 d5 3. e5 Ne4 4. Nxe4 dxe4 5. d4 exd3 6. Bxd3 
e6 7. Nf3 Nc6 8. Bf4 N@g6 9. Bg3 P@g4 10. Ng5 Ngxe5 11. Bxe5 Nxe5 
12. P@f4 Nxd3+ 13. cxd3 B@a5+ 14. N@c3 P@d4 15. O-O dxc3 16. bxc3 B@c6 17. Nxf7 
Qf6 18. Nxh8 Qxf4 19. P@f7+ Kd8 20. N@d4 N@h3+ 21. gxh3 B8d7 22. P@b5 Bxc3 
23. bxc6 Bxa1 24. cxd7 R@h1+ 25. Kxh1 P@g2+ 26. Kg1 gxf1=Q+ 27. Qxf1 Qxd4 28. R@e8+ 
Kxd7 29. Rxa8 N@f3+ 30. Kh1 P@g2+ 31. Qxg2 R@e1+ 32. B@f1 P@e2 33. R@d8+ Kc6 
34. B@e8+ Kb6 35. N@c8+ Ka6 36. P@b5+ Ka5 37. Rxa7+ Kb4 38. N@c2+ Kc3 39. Nxd4 
exf1=Q+ 40. R@g1 Qxg2# 
{LINDEGREN forfeits on time} 0-1

[Event "fics rated crazyhouse match"]
[Site "fics, Oklahoma City, OK USA"]
[Date "2001.01.17"]
[White "venomous"]
[WhiteElo "2438"]
[Black "LINDEGREN"]
[BlackElo "2311"]
[TimeControl "60+0"]
[Result "1-0"]

1. e4 Nf6 2. Nc3 Nc6 3. Nf3 d5 4. exd5 Nxd5 5. Bc4 e6 6. d4 
Bb4 7. Bd2 Bxc3 8. bxc3 Qe7 9. O-O Nb6 10. Bb5 Bd7 11. Re1 O-O 
12. c4 P@g4 13. Ne5 Nxd4 14. Qxg4 Nxc2 15. P@h6 P@g6 16. hxg7 f5 17. gxf8=Q+ 
Rxf8 18. B@h4 fxg4 19. Bxe7 P@f3 20. R@g7+ Kxg7 21. Bxf8# 
{LINDEGREN resigns} 1-0

[Event "fics rated crazyhouse match"]
[Site "fics, Oklahoma City, OK USA"]
[Date "2001.01.17"]
[White "LINDEGREN"]
[WhiteElo "2306"]
[Black "venomous"]
[BlackElo "2443"]
[TimeControl "60+0"]
[Result "0-1"]

1. e4 Nf6 2. e5 Nd5 3. d4 d6 4. Nf3 e6 5. Be2 Nc6 6. O-O 
dxe5 7. Nxe5 Nxe5 8. dxe5 Bd7 9. c4 Nb6 10. Nc3 Bc6 11. P@d5 exd5 
12. cxd5 Nxd5 13. e6 fxe6 14. P@f7+ Kd7 15. N@e5+ Kc8 16. Nxc6 bxc6 17. Nxd5 
exd5 18. Ba6+ P@b7 19. Bxb7+ Kxb7 20. N@a5+ Ka6 21. Bd2 N@c5 22. a4 B@e4 
23. P@b5+ Kb6 24. Nxc6 Qh4 25. P@a6 Nxa6 26. B@d4+ Nc5 27. Ba5+ Kb7 28. f3 
P@g3 29. hxg3 P@h2+ 30. Kf2 N@d3+ 31. Ke2 N@f4+ 32. Kd2 P@c3+ 33. bxc3 Qxg3 
34. Bb4 Qxg2+ 35. P@e2 Nxe2 36. P@a6+ Kc8 37. Bbxc5 P@e3+ 38. Bxe3 Nd4# 
{LINDEGREN forfeits on time} 0-1

[Event "fics rated crazyhouse match"]
[Site "fics, Oklahoma City, OK USA"]
[Date "2001.01.17"]
[White "venomous"]
[WhiteElo "2448"]
[Black "LINDEGREN"]
[BlackElo "2301"]
[TimeControl "60+0"]
[Result "1-0"]

1. e4 Nf6 2. Nc3 Nc6 3. Nf3 d5 4. exd5 Nxd5 5. Bc4 Nxc3 6. bxc3 
e6 7. d4 Bd6 8. P@e5 Be7 9. N@h5 Rg8 10. Bd3 P@f5 11. O-O N@e4 
12. Bd2 Bd7 13. Rb1 Rb8 14. Re1 Na5 15. Bxe4 fxe4 16. Rxe4 B@g6 17. Ng3 
Bxe4 18. Nxe4 R@g6 19. B@g3 Bc6 20. P@d3 Nc4 21. N@f4 Nxd2 22. Qxd2 B@g4 
23. Ne1 Bxe4 24. dxe4 Bg5 25. N@e3 Bxf4 26. Bxf4 Bh3 27. B@g3 Bxg2 28. N3xg2 
N@h3+ 29. Kh1 P@g4 30. B@f1 N@f3 31. Nxf3 gxf3 32. Ne1 Nxf4 33. Qxf4 B@g4 
34. N@e3 N@h5 35. Qxg4 Rxg4 36. Nxg4 Nxg3+ 37. hxg3 B@h3 38. Bxh3 Q@h5 39. R@h4 
Qhxh4 40. gxh4 Qxh4 41. Q@h2 R@f1+ 42. Bxf1 Qxh2+ 43. Nxh2 P@g2+ 44. Nxg2 fxg2+ 
45. Bxg2 Q@e7 46. P@d7+ Qxd7 47. N@f6+ gxf6 48. N@d6+ cxd6 49. R@e7# 
{LINDEGREN forfeits on time} 1-0

[Event "fics rated crazyhouse match"]
[Site "fics, Oklahoma City, OK USA"]
[Date "2001.01.17"]
[White "pminear"]
[WhiteElo "2509"]
[Black "LINDEGREN"]
[BlackElo "2296"]
[TimeControl "60+0"]
[Result "1-0"]

1. e4 Nf6 2. e5 Nc6 3. exf6 gxf6 4. d4 d5 5. Nc3 Rg8 6. Be3 
Bg4 7. f3 Bf5 8. Nge2 e6 9. Ng3 Bg6 10. Bb5 Rb8 11. N@a5 P@d7 
12. O-O Nxa5 13. Qd2 Nc6 14. Bxc6 dxc6 15. N@f4 B@f5 16. Rfe1 N@c4 17. Qc1 
Nxe3 18. Qxe3 B@g5 19. N@d3 Bxd3 20. cxd3 Bxf4 21. Qxf4 N@c2 22. B@h4 Be7 
23. Rac1 Nxe1 24. Rxe1 Bxd3 25. N@h6 Rg7 26. B@h8 Rg6 27. B8xf6 Bxf6 28. Bxf6 
Rxf6 29. Qg5 R@g6 30. Qe3 B@g5 31. Qxd3 Bxh6 32. B@e5 N@f4 33. Bxf4 Bxf4 
34. B@f2 B@c4 35. Qd1 Bxg3 36. hxg3 P@e2 37. Rxe2 Bxe2 38. Qxe2 N@f4 39. gxf4 
N@h3+ 40. Kh2 Nxf2 41. Qxf2 B@g3+ 42. Qxg3 Rxg3 43. B@h3 B@h4 44. N@d6+ Qxd6 
45. B@f2 Rxg2+ 46. Kxg2 P@g3 47. R@g8+ Kd7 48. Rxg3 
{LINDEGREN forfeits on time} 1-0

[Event "fics rated crazyhouse match"]
[Site "fics, Oklahoma City, OK USA"]
[Date "2001.01.17"]
[White "LINDEGREN"]
[WhiteElo "2292"]
[Black "pminear"]
[BlackElo "2513"]
[TimeControl "60+0"]
[Result "0-1"]

1. e4 e5 2. Nc3 Nc6 3. Nf3 Bc5 4. Bc4 Nf6 5. O-O d6 6. d3 
Be6 7. Bg5 Bxc4 8. dxc4 B@h5 9. B@h4 Rg8 10. Nd5 Nd4 11. Nxd4 Bxd1 
12. Nf5 Nxd5 13. Bxd8 N@h3+ 14. Kh1 Bf3 15. Q@g3 Rxd8 16. Nxg7+ Rxg7 17. Qxg7 
Bxg2+ 18. Qxg2 N@f4 19. Qg8+ B@f8 20. N@g7+ Kd7 21. B@g4+ P@e6 22. Bxh3 Nxh3 
23. Qxf7+ Kc8 24. R@a8+ Q@b8 25. Rxb8+ Kxb8 26. P@g2 Ndf4 27. Nxe6 Nxe6 28. Qxe6 
B@d7 29. Qxd7 Rxd7 30. N@f6 Q@g7 31. Nxd7+ Qxd7 32. N@f6 Qc8 33. R@e8 R@d8 
34. P@d7 Qxd7 35. Nxd7+ Kc8 36. B@e6 N@b8 
{LINDEGREN forfeits on time} 0-1

[Event "fics rated crazyhouse match"]
[Site "fics, Oklahoma City, OK USA"]
[Date "2001.01.17"]
[White "pminear"]
[WhiteElo "2517"]
[Black "LINDEGREN"]
[BlackElo "2288"]
[TimeControl "60+0"]
[Result "1-0"]

1. e4 Nf6 2. e5 Nd5 3. Nf3 e6 4. d4 d6 5. Be2 Nc6 6. O-O 
Bd7 7. exd6 Bxd6 8. c4 Ndb4 9. Na3 O-O 10. c5 Be7 11. P@h6 gxh6 
12. Bxh6 P@g7 13. Bxg7 Kxg7 14. P@e5 f5 15. P@f6+ Bxf6 16. exf6+ Rxf6 17. B@e5 
P@e7 18. Bxf6+ exf6 19. Nc2 Nxc2 20. Qxc2 B@g4 21. Nh4 P@g6 22. Bxg4 fxg4 
23. B@e3 P@g5 24. f3 gxh4 25. fxg4 N@f7 26. P@h6+ Nxh6 27. Bxh6+ Kxh6 28. g5+ 
Kg7 29. gxf6+ Qxf6 30. P@h6+ Kxh6 31. N@g4+ Kg7 32. Rxf6 B@e3+ 33. Nxe3 
{LINDEGREN resigns} 1-0

[Event "fics rated crazyhouse match"]
[Site "fics, Oklahoma City, OK USA"]
[Date "2001.01.17"]
[White "LINDEGREN"]
[WhiteElo "2285"]
[Black "pminear"]
[BlackElo "2520"]
[TimeControl "60+0"]
[Result "0-1"]

1. e4 e5 2. Nc3 Nc6 3. Nf3 Bc5 4. Bc4 Nf6 5. O-O O-O 6. d3 
h6 7. Bg5 hxg5 8. Nxg5 B@h5 9. Qc1 Nd4 10. P@e3 Ne6 11. Bxe6 dxe6 
12. N@g3 Bg6 13. Nce2 B@h6 14. h4 Nh5 15. Nxh5 Bxh5 16. Ng3 Bg4 17. N@h3 
Bxh3 18. Nxh3 Qxh4 19. Qd2 Bhxe3 20. fxe3 Qxg3 21. B@f2 P@h2+ 22. Kh1 Qg6 
23. d4 P@f3 24. gxf3 exd4 25. P@g2 dxe3 26. Bxe3 Bxe3 27. Qxe3 N@g3+ 28. Kxh2 
Nxf1+ 29. Rxf1 B@g3+ 30. Kh1 R@h2+ 31. Kg1 Rxh3 32. N@e7+ Kh7 33. Nxg6 P@f2+ 
34. Rxf2 Bxf2+ 35. Kxf2 N@d1+ 36. Ke2 fxg6 37. Kxd1 Rh1+ 38. B@e1 R@d6+ 39. B@d3 
P@e2+ 40. Kxe2 N@e7 41. N@g5+ Kh8 42. P@h7 Rxh7 43. Nxh7 N@c1+ 44. Kf2 N@f4 
45. Kg1 Kxh7 46. Kh2 P@h6 47. Kg3 Kg8 
{LINDEGREN forfeits on time} 0-1

[Event "fics rated crazyhouse match"]
[Site "fics, Oklahoma City, OK USA"]
[Date "2001.01.17"]
[White "pminear"]
[WhiteElo "2523"]
[Black "LINDEGREN"]
[BlackElo "2282"]
[TimeControl "60+0"]
[Result "1-0"]

1. e4 Nf6 2. e5 Nc6 3. exf6 gxf6 4. d4 d5 5. Nc3 Rg8 6. Be3 
Bg4 7. f3 Bf5 8. Nge2 e6 9. Ng3 Bg6 10. Bb5 a6 11. Bxc6+ bxc6 
12. N@f4 B@d7 13. Nxg6 fxg6 14. O-O N@f5 15. B@f2 Nxg3 16. hxg3 N@f5 17. N@g4 
Nxe3 18. Bxe3 B@f5 19. Nxf6+ Qxf6 20. P@g5 Qf7 21. N@f6+ Kd8 22. Nxg8 Qxg8 
23. N@f6 Qf7 24. g4 Bxc2 25. Qxc2 P@b7 26. B@h2 N@c4 27. Bc1 N@e3 28. Bxe3 
Nxe3 29. Qf2 Nxf1 30. Rxf1 B@d6 31. N@e5 Bxe5 32. dxe5 N@d3 33. Nxd7 Nxf2 
34. Rxf2 R@e1+ 35. R@f1 Rxf1+ 36. Rxf1 Qxd7 37. B@f6+ P@e7 38. N@f7+ Kc8 39. R@d8+ 
Qxd8 40. Nxd8 Q@c5+ 41. B@f2 Qxf2+ 42. Rxf2 R@e1+ 43. N@f1 B@b6 44. Bg3 Kxd8 
45. Bxe7+ Bxe7 46. Q@g8+ Kd7 47. Qxe6+ Kxe6 48. P@f5+ Kd7 49. e6+ Kc8 50. P@d7+ 
Kb8 51. Q@c8+ Ka7 52. Qxa8+ Kxa8 53. d8=Q+ B@b8 54. R@c8 Ka7 55. Rxb8 Q@h1+ 
56. Kxh1 Rxf1+ 57. Kh2 
{LINDEGREN forfeits on time} 1-0

[Event "fics rated crazyhouse match"]
[Site "fics, Oklahoma City, OK USA"]
[Date "2001.01.17"]
[White "LINDEGREN"]
[WhiteElo "2279"]
[Black "pminear"]
[BlackElo "2526"]
[TimeControl "60+0"]
[Result "0-1"]

1. e4 e5 2. Nc3 Nc6 3. Nf3 Bc5 4. Bc4 Nf6 5. O-O d6 6. d3 
h6 7. Bg5 hxg5 8. Nxg5 B@h5 9. Qxh5 Rxh5 10. Bxf7+ Kf8 11. Bxh5 Nxh5 
12. R@f7+ Kg8 13. P@h7+ Kh8 14. B@h4 B@g6 15. Rf5 Bcxf5 16. exf5 R@f6 17. fxg6 
Bxf2+ 18. Rxf2 Rxf2 19. Nf7+ Rxf7 20. Bxd8 N@h3+ 21. gxh3 Q@f2# 
{LINDEGREN resigns} 0-1

[Event "fics rated crazyhouse match"]
[Site "fics, Oklahoma City, OK USA"]
[Date "2001.01.17"]
[White "pminear"]
[WhiteElo "2529"]
[Black "LINDEGREN"]
[BlackElo "2276"]
[TimeControl "60+0"]
[Result "0-1"]

1. e4 Nf6 2. e5 Nc6 3. exf6 gxf6 4. d4 d5 5. Be3 Rg8 6. Nc3 
P@e4 7. Nge2 Bg4 8. N@f4 e6 9. h3 Bxe2 10. Bxe2 N@h4 11. B@g4 Bd6 
12. Nh5 Nxg2+ 13. Kd2 Nxe3 14. fxe3 P@e5 15. dxe5 Bxe5 16. P@d4 Nxd4 17. exd4 
Bxd4 18. N@b5 B@e3+ 19. Ke1 Bxc3+ 20. bxc3 P@f2+ 21. Kf1 P@f3 22. Bexf3 exf3 
23. Bxf3 N@d2+ 24. Ke2 Nxf3 25. Kxf3 P@f4 26. P@d7+ Qxd7 27. Nxf6+ Kd8 28. Nxg8 
B@e4+ 29. Kg4 B@f3+ 30. Kh4 Bxd1 31. R@f8+ Q@e8 32. B@g5+ P@e7 33. Rxe8+ Qxe8 
34. N@g7 h6 35. Bxe7+ Qxe7+ 36. Nxe7 B@g5# 
{pminear checkmated} 0-1

[Event "fics rated crazyhouse match"]
[Site "fics, Oklahoma City, OK USA"]
[Date "2001.01.17"]
[White "LINDEGREN"]
[WhiteElo "2289"]
[Black "pminear"]
[BlackElo "2516"]
[TimeControl "60+0"]
[Result "0-1"]

1. e4 e5 2. Nc3 Nc6 3. Nf3 Bc5 4. Bc4 Nf6 5. d3 O-O 6. O-O 
h6 7. Be3 Bxe3 8. fxe3 B@b6 9. B@f5 Bxe3+ 10. Kh1 Bb6 11. Qe2 d6 
12. Nd5 Nxd5 13. Bxd5 N@f4 14. Qd2 Bxf5 15. exf5 Nxd5 16. B@g6 fxg6 17. fxg6 
B@g4 18. P@h7+ Kh8 19. N@f7+ Rxf7 20. gxf7 Kxh7 21. c4 P@e3 22. Qe1 P@f2 
23. Qe2 Nf4 24. Qc2 Bxf3 
{LINDEGREN resigns} 0-1

[Event "fics rated crazyhouse match"]
[Site "fics, Oklahoma City, OK USA"]
[Date "2000.01.18"]
[White "pminear"]
[WhiteElo "2305"]
[Black "Pendor"]
[BlackElo "2127"]
[TimeControl "300+1"]
[Result "1-0"]

1. e4 Nf6 2. Nc3 e5 3. Nf3 d6 4. d4 Nbd7 5. Bc4 Be7 6. Bxf7+ 
Kxf7 7. Ng5+ Kg8 8. P@f7+ Kf8 9. Ne6+ Kxf7 10. Nxd8+ Bxd8 11. dxe5 Nxe5 
12. Bf4 B@h5 13. Bxe5 dxe5 14. N@g5+ Ke7 15. Qxh5 P@d2+ 16. Kxd2 N@c4+ 17. Ke1 
Nxh5 18. Q@f7+ Kd6 19. Qd5+ Ke7 20. B@c5+ Kf6 21. Qf7+ Kxg5 22. h4+ Kh6 
23. P@g5# 
{Pendor resigns} 1-0

[Event "fics rated crazyhouse match"]
[Site "fics, Oklahoma City, OK USA"]
[Date "2000.01.18"]
[White "Pendor"]
[WhiteElo "2117"]
[Black "pminear"]
[BlackElo "2309"]
[TimeControl "300+1"]
[Result "0-1"]

1. e4 Nf6 2. e5 Nd5 3. d4 d6 4. Nf3 Nc6 5. Bc4 e6 6. Bxd5 
exd5 7. exd6 Bxd6 8. P@e5 Bb4+ 9. c3 B@g6 10. N@e3 Bcf5 11. Nxf5 Bxf5 
12. B@a4 N@d3+ 13. Kf1 P@h3 14. gxh3 Bxh3+ 15. P@g2 Bxg2+ 16. Kxg2 P@e4 17. Ng5 
P@f3+ 18. Nxf3 exf3+ 19. Kxf3 Nxc1 20. Qxc1 B@e4+ 21. Ke2 Bxh1 22. Qxh1 N@f4+ 
23. Kd2 R@e2+ 24. Kd1 Rxf2 25. B@e3 P@g2 26. Qe1 Rf1 27. Bxf4 Rxe1+ 28. Kxe1 
g1=Q+ 29. Kd2 Q@d1+ 30. Bxd1 Qxd4+ 31. N@d3 P@e4 32. B@e3 Qxd3+ 33. Ke1 Nxe5 
34. Q@e2 Nf3# 
{Pendor forfeits on time} 0-1

[Event "fics rated crazyhouse match"]
[Site "fics, Oklahoma City, OK USA"]
[Date "2000.01.18"]
[White "pminear"]
[WhiteElo "2313"]
[Black "Pendor"]
[BlackElo "2108"]
[TimeControl "300+1"]
[Result "1-0"]

1. e4 Nf6 2. Nc3 e5 3. Nf3 Nc6 4. Bc4 Bc5 5. d3 d6 6. Bg5 
h6 7. Bxf6 Qxf6 8. Nd5 Qd8 9. N@h5 O-O 10. h3 B@g6 11. Ng3 Ne7 
12. Nxe7+ Qxe7 13. N@d5 Qd7 14. Nf5 Bxf5 15. exf5 c6 16. B@e6 Qd8 17. Bxf7+ 
Rxf7 18. P@g6 cxd5 19. Bxd5 B@e8 20. gxf7+ Bxf7 21. P@e6 Bfxe6 22. fxe6 Bxf2+ 
23. Kd2 Qa5+ 24. c3 Qxd5 25. B@b3 N@e4+ 26. Kc1 B@f4+ 27. Kb1 Nxc3+ 28. bxc3 
N@a3+ 29. Kb2 N@c4+ 30. dxc4 Qxd1 31. Raxd1 Nxc4+ 32. Bxc4 P@a3+ 33. Kxa3 Bc1+ 
34. Rxc1 Q@a5+ 35. P@a4 Bc5+ 36. B@b4 Bxb4+ 37. cxb4 Qxa4+ 38. Kxa4 
{Pendor resigns} 1-0

[Event "fics rated crazyhouse match"]
[Site "fics, Oklahoma City, OK USA"]
[Date "2000.01.18"]
[White "Pendor"]
[WhiteElo "2100"]
[Black "pminear"]
[BlackElo "2317"]
[TimeControl "300+1"]
[Result "0-1"]

1. e4 Nf6 2. e5 Ne4 3. Nc3 d5 4. d4 Nc6 5. Nxe4 dxe4 6. Be3 
N@f5 7. Bb5 Bd7 8. Bxc6 Bxc6 9. N@a5 B@b4+ 10. Bd2 Bxa5 11. Bxa5 e3 
12. fxe3 Nxe3 13. Qd2 Nxg2+ 14. Kd1 P@e3 15. e6 exd2 16. exf7+ Kd7 17. B@g4+ 
e6 18. N@e5+ Ke7 19. Nxc6+ bxc6 20. B@g5+ N@f6 21. Baxd2 Q@f1# 
{Pendor resigns} 0-1

[Event "fics rated crazyhouse match"]
[Site "fics, Oklahoma City, OK USA"]
[Date "2000.01.18"]
[White "Pendor"]
[WhiteElo "2118"]
[Black "pminear"]
[BlackElo "2308"]
[TimeControl "60+0"]
[Result "0-1"]

1. e4 e5 2. Nf3 Nc6 3. Bc4 Bc5 4. c3 Nf6 5. d4 exd4 6. cxd4 
Bxd4 7. Nxd4 Nxd4 8. Bxf7+ Kxf7 9. B@b3+ Nxb3 10. Qxb3+ B@e6 11. N@g5+ Kf8 
12. Nxe6+ dxe6 13. O-O N@d4 14. P@h6 Nxb3 15. hxg7+ Kxg7 16. axb3 B@g6 17. P@g5 
P@f3 18. B@h6+ Kf7 19. N@e5+ Ke8 20. Nxf3 P@e2 21. gxf6 exf1=Q+ 22. Kxf1 Qd1+ 
23. N@e1 P@e2+ 24. Kg1 Q@f1# 
{Pendor checkmated} 0-1

[Event "fics rated crazyhouse match"]
[Site "fics, Oklahoma City, OK USA"]
[Date "2000.01.18"]
[White "pminear"]
[WhiteElo "2312"]
[Black "Pendor"]
[BlackElo "2110"]
[TimeControl "60+0"]
[Result "0-1"]

1. e4 Nf6 2. Nc3 e5 3. Nf3 Nc6 4. d4 exd4 5. Nxd4 Bc5 6. Nf5 
Rg8 7. P@d4 d5 8. dxc5 Bxf5 9. exf5 d4 10. B@e6 dxc3 11. Qxd8+ Nxd8 
12. Q@d7+ Nxd7 13. Bxd7+ Kxd7 14. bxc3 Q@e5+ 15. B@e3 Qxc3+ 16. P@d2 Qxa1 17. Bb5+ 
c6 18. O-O cxb5 19. N@e5+ Kc7 20. h3 B@d5 21. Kh2 N@e2 22. Ba3 Qxf1 
23. h4 R@h1# 
{pminear checkmated} 0-1

[Event "fics rated crazyhouse match"]
[Site "fics, Oklahoma City, OK USA"]
[Date "2000.01.18"]
[White "Pendor"]
[WhiteElo "2133"]
[Black "pminear"]
[BlackElo "2300"]
[TimeControl "60+0"]
[Result "0-1"]

1. e4 e5 2. Nf3 Nc6 3. Bc4 Bc5 4. O-O Nf6 5. c3 Nxe4 6. d4 
exd4 7. cxd4 Be7 8. Bxf7+ Kxf7 9. d5 B@g6 10. dxc6 bxc6 11. Ne5+ Kf8 
12. Nxg6+ hxg6 13. Qf3+ P@f5 14. B@b3 P@g4 15. N@f4 P@f7 16. Bxf7 Kxf7 17. Qxe4 
fxe4 18. N@e5+ Kf6 19. Nxg4+ Kf5 20. Ne3+ Kxf4 21. P@g3+ Ke5 22. Nc3 Ke6 
23. Nxe4 Kf7 24. P@f5 gxf5 25. P@g6+ Kxg6 26. g4 fxe4 27. P@f5+ Kf7 28. Bd2 
N@e2+ 29. Kh1 Q@g1+ 30. Rxg1 N@g3+ 31. fxg3 N@f2# 
{Pendor checkmated} 0-1

[Event "fics rated crazyhouse match"]
[Site "fics, Oklahoma City, OK USA"]
[Date "2000.01.18"]
[White "pminear"]
[WhiteElo "2305"]
[Black "Pendor"]
[BlackElo "2125"]
[TimeControl "60+0"]
[Result "1-0"]

1. e4 Nf6 2. Nc3 e5 3. Nf3 Nc6 4. Bb5 Bc5 5. Bxc6 dxc6 6. N@d3 
Bd6 7. Nfxe5 Bxe5 8. Nxe5 B@d4 9. Nd3 N@h4 10. B@f1 Bxc3 11. dxc3 Nxe4 
12. Qe2 Qe7 13. P@f3 P@h3 14. fxe4 hxg2 15. Bxg2 Nxg2+ 16. Kd1 B@g4 17. f3 
Bxf3 18. Qxf3 Nh4 19. Qf2 Bg4+ 20. P@e2 P@g3 21. hxg3 P@g2 22. Re1 Bxe2+ 
23. Qxe2 N@g4 24. Qxg4 P@h2 25. P@d7+ Kf8 26. B@a3 g1=Q 27. Bxe7+ Kxe7 28. Qxh4+ 
f6 29. N@f5+ Kf7 30. Q@e7+ Kg6 31. Qxg7# 
{Pendor checkmated} 1-0

[Event "fics rated crazyhouse match"]
[Site "fics, Oklahoma City, OK USA"]
[Date "2000.01.18"]
[White "Pendor"]
[WhiteElo "2118"]
[Black "pminear"]
[BlackElo "2309"]
[TimeControl "60+0"]
[Result "0-1"]

1. e4 Nf6 2. Bc4 e6 3. e5 Nd5 4. Bxd5 exd5 5. Nc3 d6 6. Qe2 
Be6 7. N@f4 dxe5 8. Nxe6 fxe6 9. Qxe5 B@f7 10. B@h3 Bd6 11. Qxe6+ Bxe6 
12. Bxe6 P@f7 13. Bxf7+ Kxf7 14. Nxd5 Q@e5+ 15. Ne3 N@d4 16. B@b3+ Kf8 17. Nf3 
Nxf3+ 18. gxf3 N@g2+ 19. Kd1 Nxe3+ 20. dxe3 B@f7 21. Bxf7 Kxf7 22. B@b3+ Ke7 
23. N@f7 B@g2 24. Nxe5 Bxe5+ 25. P@d4 Bxf3+ 26. P@e2 Bxe2+ 27. Kxe2 P@f3+ 28. Kxf3 
N@h4+ 29. Ke2 P@f3+ 30. Ke1 Ng2+ 31. Kd2 Rf8 32. N@d5+ Qxd5 33. Bxd5 N@e4+ 
34. Bxe4 N@c4+ 35. Kc3 Nc6 36. N@d5+ Kd8 37. Q@g5+ Kc8 
{Pendor forfeits on time} 0-1